 Dungeon Crawl Stone Soup version 0.28-a0-1142-gc8569940dd (webtiles) character file.

Game seed: 1424693780508333905

86430 Lavandula the Brawler (level 14, -12/100 (103) HPs)
             Began as a Formicid Transmuter on Dec 12, 2021.
             Was the Champion of Ru.
             Killed from afar by Frances (23 damage)
             ... with an iron shot
             ... on level 14 of the Dungeon on Dec 13, 2021.
             The game lasted 01:20:39 (29143 turns).

Lavandula the Brawler (Formicid Transmuter)        Turns: 29143, Time: 01:20:39

HP:   -12/100 (103) AC: 12    Str: 22    XL:     14   Next: 34%
MP:   0/24          EV: 14    Int: 17    God:    Ru [******]
Gold: 563           SH:  0    Dex: 11    Spells: 6/26 levels left

rFire   . . .      SeeInvis +     - Unarmed
rCold   + . .      Faith    .   (shield unavailable)
rNeg    . . .      Spirit   +   G - +4 troll leather armour
rPois   .          Reflect  .   (helmet unavailable)
rElec   .          Harm     .   r - +0 cloak
rCorr   .          Rampage  .   (gloves currently unavailable)
Will    ++...                   B - +1 pair of boots of the Fig {rC+}
Stlth   ++........              n - amulet of guardian spirit
HPRegen 1.06/turn               (ring unavailable)
MPRegen 0.19/turn               C - +6 ring of strength

@: exhausted, blade hand, lightly drained
A: permanent stasis, dig shafts and tunnels, antennae 3, frail 1, missing a
hand, inexperienced 1, four strong arms, strong-willed 1
a: Dig, Shaft Self, End Transformation, Renounce Religion, Draw Out Power, Power
Leap, Apocalypse


You were on level 14 of the Dungeon.
You worshipped Ru.
Ru was exalted by your worship.
You had blades for hand.
You visited 5 branches of the dungeon, and saw 25 of its levels.
You also visited: Sewer, Bailey and Ice Cave.

You collected 2501 gold pieces.
You spent 1938 gold pieces at shops.

Inventory:

Missiles
 D - 13 throwing nets
 L - 3 curare-tipped darts
Armour
 c - the +8 scale mail of Chimes {rN+ Will+ Int+4}
   (You bought it in a shop on level 2 of the Orcish Mines)

   Int:       It affects your intelligence (+4).
   rN:        It protects you from negative energy.
   Will:      It increases your willpower.
 r - a +0 cloak (worn)
 w - +0 fire dragon scales
 z - a +2 leather armour of willpower
 B - the +1 pair of boots of the Fig (worn) {rC+}
   (You found it on level 6 of the Dungeon)

   rC:        It protects you from cold.
 G - a +4 troll leather armour (worn)
 I - a +0 pair of gloves (melded)
 M - the +4 scale mail of Ycagelac {Rampage rPois rF+ Str+4}
   (You found it on level 11 of the Dungeon)

   Str:       It affects your strength (+4).
   rF:        It protects you from fire.
   rPois:     It protects you from poison.
   Rampage:   It bestows one free step when moving towards enemies.
 O - a +2 robe of cold resistance
 P - +0 ice dragon scales
Magical Staves
 m - a staff of cold
Jewellery
 n - an amulet of guardian spirit (around neck)
 C - a +6 ring of strength (right blade hand)
 N - a ring of protection from cold
 Z - an amulet of reflection
Wands
 a - a wand of flame (39)
 p - a wand of charming (2)
 F - a wand of iceblast (16)
 J - a wand of polymorph (23)
 K - a wand of digging (8)
Scrolls
 d - 4 scrolls of amnesia
 f - 2 scrolls of holy word
 g - 6 scrolls of enchant weapon
 l - a scroll of magic mapping
 q - 3 scrolls of vulnerability
 s - 5 scrolls of fog
 u - 5 scrolls of immolation
 v - 2 scrolls of summoning
 y - 4 scrolls of silence
 H - 2 scrolls of fear
Potions
 b - 4 potions of might
 h - 2 potions of flight
 i - a potion of invisibility
 j - 4 potions of attraction
 k - 7 potions of curing
 o - 2 potions of lignification
 t - 3 potions of mutation
 x - 2 potions of cancellation
 E - 3 potions of magic
 S - 2 potions of resistance
 W - 2 potions of brilliance {unknown}
 X - 2 potions of ambrosia {unknown}
Miscellaneous
 A - a piece from Xom's chessboard (15/15)
 Q - a condenser vane (inert)
 U - a lightning rod (4/4)


   Skills:
 - Level 12.1 Fighting
 - Level 4.7 Armour
 - Level 8.8 Dodging
 - Level 3.4 Stealth
 + Level 17.0 Unarmed Combat
 - Level 6.9 Spellcasting
 - Level 7.4 Conjurations
 - Level 8.4 Transmutations
 - Level 6.3 Ice Magic
 - Level 6.2 Air Magic
 - Level 2.0 Poison Magic
 - Level 4.1 Evocations


You had 6 spell levels left.
You knew the following spells:

 Your Spells              Type           Power      Damage    Failure   Level
a - Beastly Appendage     Tmut           68%        N/A       11%         1
b - Wereblood             Tmut           34%        N/A       13%         2
c - Spider Form           Tmut/Pois      23%        N/A       32%         3
d - Ice Form              Ice/Tmut       30%        N/A       36%         4
e - Blade Hands           Tmut           17%        N/A       50%         5
f - Freezing Cloud        Conj/Ice/Air   14%        6-21      67%         5

Your spell library contained the following spells:

 Spells                   Type           Power      Damage    Failure   Level
 Magic Dart               Conj           100%       1d8       13%         1
 Static Discharge         Conj/Air       29%        N/A       17%         2
 Frozen Ramparts          Ice            54%        1d7       26%         3
 Ozocubu's Armour         Ice            27%        N/A       26%         3
 Passwall                 Tmut/Erth      16%        N/A       28%         2
 Mephitic Cloud           Conj/Pois/Air  23%        N/A       32%         3
 Stone Arrow              Conj/Erth      36%        3d9       43%         3
 Ignite Poison            Fire/Tmut/Pois 17%        N/A       45%         3
 Animate Skeleton         Necr           10%        N/A       54%         1
 Pain                     Necr           20%        1d5       54%         1
 Sandblast                Erth           10%        2d5       54%         1
 Slow                     Hex            20%        N/A       54%         1
 Scorch                   Fire           10%        2d6       63%         2
 Flame Wave               Conj/Fire      18%        2d5       71%         4
 Fulminant Prism          Conj/Hex       9%         3d7       71%         4
 Sticky Flame             Conj/Fire      18%        2d4       71%         4
 Confusing Touch          Hex            5%         N/A       80%         3
 Portal Projectile        Hex/Tloc       10%        N/A       80%         3
 Vampiric Draining        Necr           5%         2d6       80%         3
 Yara's Violent Unravell  Hex/Tmut       10%        3d6       89%         5
 Conjure Ball Lightning   Conj/Air       14%        3x3d6     97%         6
 Animate Dead             Necr           2%         N/A       98%         4
 Dispel Undead            Necr           5%         3d7       98%         4
 Borgnjor's Vile Clutch   Necr/Erth      2%         N/A       100%        5
 Excruciating Wounds      Necr           2%         N/A       100%        5
 Death Channel            Necr           2%         N/A       100%        6
 Summon Cactus Giant      Summ           2%         N/A       100%        6
 Orb of Destruction       Conj           15%        9d7       100%        7
 Ozocubu's Refrigeration  Ice            13%        4d7       100%        7
 Discord                  Hex            2%         N/A       100%        8
 Disjunction              Tloc           2%         N/A       100%        8
 Polar Vortex             Ice            13%        N/A       100%        9


Dungeon Overview and Level Annotations

Branches:
Dungeon (15/15)            Temple (1/1) D:4            Lair (6/6) D:9
  Swamp (0/4) Lair:4       Spider (0/4) Lair:4        Slime (1/5) Lair:5
    Orc (2/2) D:12            Elf (0/3) Orc:2         Sewer (visited)
 Bailey (visited)           IceCv (visited)
 Vaults: D:13-14     Depths: D:15

Altars:
Ashenzari
Cheibriados
Dithmenos
Elyvilon
Fedhas
Gozag
Hepliaklqana
Kikubaaqudgha
Makhleb
Nemelex Xobeh
Okawaru
Qazlal
Ru
Sif Muna
Trog
Uskayaw
Vehumet
Wu Jian
Xom
Yredelemnul
Zin
The Shining One
Beogh

Shops:
D:4 *   D:6 *   D:14 *   Orc:1 (   Orc:2 :![((

Portals:
Abyss: D:5

Annotations:
D:5 2 transporters, paps's ghost, amateur OpDe
D:7 2 transporters, ytsedan's ghost, novice MiFi
D:13 1 runed translucent door
D:14 Frances
Lair:1 1 runed translucent door, anet's ghost, journeyman GnDe


Innate Abilities, Weirdness & Mutations

You have blades for hand.
Your spellcasting is less reliable in this form.
You are incapable of wielding weapons or throwing items.
You cannot be hasted, slowed, berserked, paralysed or teleported.
You can dig through walls and to a lower floor.
You have a pair of large antennae on your head. (SInv)
You are frail. (-10% HP)
You are missing a hand.
You are somewhat inexperienced. (-2 XL)
Your four strong arms can wield two-handed weapons with a shield.
You are strong-willed. (Will+)


Message History

The deep elf pyromancer blinks!
Okay, then.
Unknown command.
Okay, then.
A deep elf pyromancer is nearby!
A deep elf pyromancer is nearby!
Casting: Blade Hands (dangerous; 12% risk of failure)
Confirm with . or Enter, or press ? or * to list all spells.
Your hand turns into a razor-sharp scythe blade.
Your +0 pair of gloves melds into your body.
Unknown command.
Unknown command.
You hit the deep elf pyromancer.
The deep elf pyromancer is lightly wounded.
The deep elf pyromancer closely misses you.
Unknown command.
You slice the deep elf pyromancer!!
The deep elf pyromancer is severely wounded.
Unknown command.
You completely miss the deep elf pyromancer.
The deep elf pyromancer is severely wounded.
The deep elf pyromancer points at you and mumbles some strange words.
The bolt of fire hits you!!!
* * * LOW HITPOINT WARNING * * *
Unknown command.
Okay, then.
Unknown command.
You shred the deep elf pyromancer!!!
You kill the deep elf pyromancer!
You float gracefully downwards.
Your Unarmed Combat skill increases to level 17!
Unknown command.
There is a stone staircase leading up here.
You climb upwards.
Level annotation: Frances Frances drinks a potion.
Frances seems to speed up.
There is a stone staircase leading down here.
Frances mutters in a terrible tongue.
The iron shot hits you!!
You die...

,,<,#.* ###≈≈≈≈≈.##.#.# **,,#.*
##≈≈≈#.##.#4# *,,,#.*
##≈##.##.#.# *,,**,* ####.##.#.#
*,,**,* #.##.#.# *,,**,* ##*
#.≈#.#.# *,,**,*##≈#*
###.≈≈.#[###########
*,,**,*#≈≈≈#*#......#............
*,,**,*≈≈≈≈≈##.≈@≈≈≈≈###.....##..
*,,**,≈≈≈≈≈≈≈≈.≈...@...........≈.
*,,**,≈≈≈≈≈≈≈≈.≈≈≈≈≈≈≈##..)...≈.≈
*,,*≈,≈≈≈≈≈≈≈≈.≈≈≈≈≈≈###.....≈...
*,,,#.≈≈≈≈≈≈≈≈.≈≈≈≈≈≈###....≈..∩[
*####.≈≈≈≈≈≈≈#.≈≈≈≈≈≈≈##.....≈...
,,..#.#≈≈≈≈≈##.≈≈≈≈≈≈≈≈#......≈.≈
###.#.##≈≈≈##≈.≈≈≈≈≈≈≈≈≈.......≈.
......###≈#*#≈.≈≈≈≈≈≈≈≈≈#########


You could see Frances (fast).

Vanquished Creatures
  Jorgrun (D:15)
  A reaper (IceCv)
  Snorg (Lair:6)
  A fire dragon (Lair:6)
  10 hydras
  Erolcha (D:10)
  2 boulder beetles
  A centaur warrior (D:15)
  An ogre mage (D:15)
  A death knight (D:13)
  Erica (D:11)
  5 two-headed ogres
  11 death yaks
  A tengu warrior (D:15)
  Urug (Orc:2)
  A phantasmal warrior (D:13)
  11 orc knights
  4 deep elf pyromancers
  2 lindwurms (Lair:6)
  An ugly thing (D:13)
  2 orc sorcerers
  A wolf spider (Lair:6)
  4 cyclopes
  3 manticores
  Maurice (D:8)
  A salamander (shapeshifter) (D:14)
  8 elephants
  A guardian serpent (Lair:6)
  10 black mambas
  Joseph (D:8)
  5 torpor snails (Lair:6)
  2 ice statues (IceCv)
  A gargoyle (D:14)
  An unseen horror (D:10)
  17 cane toads
  2 rime drakes
  A tengu conjurer (D:15)
  A freezing wraith (D:13)
  8 komodo dragons
  2 kobold demonologists (D:12)
  5 ice devils (IceCv)
  A polar bear (Lair:3)
  5 trolls
  3 slime creatures (D:12)
  13 blink frogs
  5 tyrant leeches
  9 hornets (Lair:6)
  3 redbacks
  A shadow (D:11)
  A vampire (D:12)
  5 wraiths
  A water elemental (D:14)
  42 yaks
  2 dire elephant simulacra (IceCv)
  6 wyverns (Lair:6)
  9 vampire mosquitoes
  3 basilisks
  A death yak simulacrum (IceCv)
  8 wargs
  An acid dragon (D:10)
  26 water moccasins
  2 sky beasts
  Pargi (D:3)
  3 ice beasts
  38 orc warriors
  3 ogres (D:15)
  An ogre (shapeshifter) (D:13)
  10 wolves
  A centaur (D:15)
  A kobold brigand (Sewer)
  A phantom (D:5)
  9 gnoll sergeants
  3 scorpions
  16 bullfrogs
  A two-headed ogre simulacrum (IceCv)
  A wyvern zombie (D:8)
  A cane toad simulacrum (IceCv)
  2 water moccasin skeletons
  An elephant simulacrum (IceCv)
  12 killer bees
  5 wights
  4 electric eels
  8 howler monkeys
  5 centaur zombies
  5 orc priests
  5 hounds
  2 jellies (Lair:5)
  A bullfrog skeleton (D:6)
  7 gnoll shamans
  Jessica (D:2)
  Natasha (thrice) (D:2)
  An iguana (D:4)
  17 orc wizards
  5 troll simulacra (IceCv)
  2 polar bear simulacra (IceCv)
  2 spriggan simulacra (IceCv)
  2 wolf simulacra (IceCv)
  A howler monkey skeleton (D:7)
  9 adders
  28 gnolls
  3 naga simulacra (IceCv)
  A river rat (Sewer)
  A shadow imp (D:8)
  5 ufetubi
  3 worms
  2 dart slugs (D:1)
  67 orcs
  2 bats
  7 endoplasms
  4 giant cockroaches (Lair:4)
  7 goblins
  3 hobgoblins
  9 jackals
  3 ball pythons
  A frilled lizard (D:2)
  8 kobolds
  11 rats
637 creatures vanquished.

Vanquished Creatures (collateral kills)
  A warg (Orc:2)
  An orc warrior (Orc:2)
  An orc wizard (Orc:2)
  An orc (Orc:2)
4 creatures vanquished.

Vanquished Creatures (others)
  A hydra (D:13)
  A wizard (D:6)
  A warg (Orc:2)
  A howler monkey (D:8)
  2 orcs
  21 fungi
  65 plants
92 creatures vanquished.

Grand Total: 733 creatures vanquished

Notes
Turn   | Place    | Note
-------+----------+-------------------------------------------
     0 | D:1      | Lavandula the Formicid Transmuter began the quest for the
                  | Orb.
     0 | D:1      | Reached XP level 1. HP: 15/15 MP: 3/3
   464 | D:1      | Reached XP level 2. HP: 18/21 MP: 3/5
   590 | D:1      | Learned a level 2 spell: Wereblood
   923 | D:1      | Found a faded altar of an unknown god.
  1222 | D:2      | HP: 1/21 [adder (3)]
  1229 | D:2      | Reached skill level 4 in Unarmed Combat
  1229 | D:2      | Reached XP level 3. HP: 6/26 MP: 6/6
  1694 | D:2      | Learned a level 3 spell: Spider Form
  1790 | D:2      | Noticed Natasha
  1875 | D:2      | Reached XP level 4. HP: 16/32 MP: 5/7
  2087 | D:2      | Found an ornate altar of the Wu Jian Council.
  2205 | D:2      | Killed Natasha
  2427 | D:2      | Noticed Natasha
  2434 | D:2      | Killed Natasha
  2435 | D:2      | Reached XP level 5. HP: 33/37 MP: 4/8
  2477 | D:2      | Noticed Jessica
  2485 | D:2      | Killed Jessica
  2745 | D:2      | Noticed Natasha
  2756 | D:2      | Killed Natasha
  3339 | D:3      | Found a radiant altar of Vehumet.
  3597 | D:3      | Reached XP level 6. HP: 43/43 MP: 7/9
  3722 | D:3      | Noticed Pargi
  3741 | D:3      | Killed Pargi
  3742 | D:3      | Reached skill level 5 in Unarmed Combat
  4112 | D:4      | Found a staircase to the Ecumenical Temple.
  4136 | Temple   | Entered the Ecumenical Temple
  4264 | Temple   | Became a worshipper of Ru the Awakened
  4636 | D:4      | Reached skill level 6 in Unarmed Combat
  5239 | D:4      | Found Asekh's Serpentskin Sales.
  5239 | D:4      | Noticed a water moccasin
  5242 | D:4      | Reached XP level 7. HP: 48/48 MP: 10/10
  5248 | D:4      | Killed a water moccasin
  5537 | D:5      | Entered Level 5 of the Dungeon
  5646 | D:5      | Found a glowing drain.
  5678 | Sewer    | Entered a sewer
  6088 | Sewer    | Found a white marble altar of Elyvilon.
  6137 | Sewer    | Learned a level 4 spell: Ice Form
  6190 | D:5      | Reached XP level 8. HP: 37/54 MP: 8/11
  6265 | D:5      | Reached skill level 7 in Unarmed Combat
  6377 | D:5      | Found a transporter.
  6896 | D:5      | Gained mutation: You are frail. (-10% HP) [Ru sacrifice]
  6896 | D:5      | Reached * piety under Ru
  6896 | D:5      | Reached ** piety under Ru
  6930 | D:5      | Reached skill level 1 in Ice Magic
  7387 | D:5      | Found a one-way gate to the infinite horrors of the Abyss.
  7387 | D:5      | Noticed paps's ghost (amateur OpDe)
  7391 | D:5      | Found a transporter.
  7604 | D:6      | Identified the +1 pair of boots of the Fig {rC+}
  7622 | D:6      | Found Siaff's Neck Hole.
  7635 | D:6      | Reached skill level 5 in Transmutations
  7726 | D:6      | Found a bloodstained altar of Trog.
  7731 | D:6      | Noticed a wizard
  7737 | D:6      | Killed a wizard
  8227 | D:5      | Reached XP level 9. HP: 52/52 MP: 7/12
  8591 | D:6      | Reached skill level 5 in Ice Magic
  9475 | D:7      | Found a transporter.
  9491 | D:7      | Found a transporter.
  9495 | D:7      | Noticed a tengu conjurer
  9519 | D:7      | Noticed ytsedan's ghost (novice MiFi)
  9728 | D:8      | Reached skill level 5 in Fighting
  9807 | D:8      | Noticed a two-headed ogre
  9818 | D:8      | Killed a two-headed ogre
  9819 | D:8      | Reached XP level 10. HP: 36/66 MP: 3/13
  9919 | D:8      | Reached skill level 1 in Armour
 10220 | D:8      | Noticed Maurice
 10267 | D:8      | Killed Maurice
 10328 | D:8      | Reached skill level 8 in Unarmed Combat
 10688 | D:8      | Noticed Joseph
 10964 | D:8      | Killed Joseph
 11097 | D:8      | Gained mutation: You are missing a hand. [Ru sacrifice]
 11097 | D:8      | Reached *** piety under Ru
 11097 | D:8      | Reached **** piety under Ru
 11097 | D:8      | Reached ***** piety under Ru
 11489 | D:9      | Noticed a death yak
 11489 | D:9      | Noticed a death yak
 11490 | D:9      | Noticed a two-headed ogre
 11520 | D:9      | Noticed a two-headed ogre
 11545 | D:8      | Upgraded the game from 0.28-a0-1128-gb845255321 to
                  | 0.28-a0-1142-gc8569940dd
 11733 | D:8      | Killed a death yak
 11734 | D:8      | Reached skill level 9 in Unarmed Combat
 12113 | D:9      | Killed a two-headed ogre
 12114 | D:9      | Reached XP level 11. HP: 51/72 MP: 10/17
 12128 | D:8      | Learned a level 5 spell: Blade Hands
 12229 | D:9      | Noticed a death yak
 12448 | D:9      | Killed a death yak
 12500 | D:9      | Killed a two-headed ogre
 12556 | D:9      | Found a staircase to the Lair.
 12736 | D:10     | Entered Level 10 of the Dungeon
 12736 | D:10     | Noticed Sonja
 12736 | D:10     | Noticed a boulder beetle
 12779 | D:10     | Killed a boulder beetle
 12819 | D:10     | Noticed Erolcha
 12854 | D:10     | Killed Erolcha
 13069 | D:10     | Noticed Sonja
 13069 | D:10     | Sonja changed into Sonja the unseen horror
 13076 | D:10     | Killed Sonja the unseen horror
 13736 | D:11     | Noticed Harold
 13737 | D:11     | Noticed Harold
 13737 | D:11     | Harold changed into Harold the redback
 13744 | D:11     | Killed Harold the redback
 13764 | D:11     | Reached skill level 10 in Unarmed Combat
 13779 | D:11     | Identified the +4 scale mail of Ycagelac {Rampage rPois rF+
                  | Str+4}
 13805 | D:11     | Noticed a cyclops
 13816 | D:11     | Reached XP level 12. HP: 74/77 MP: 18/18
 13832 | D:11     | Found a frozen archway.
 13848 | IceCv    | Entered an ice cave
 14047 | IceCv    | Reached skill level 11 in Unarmed Combat
 14260 | IceCv    | Gained mutation: You are somewhat inexperienced. (-2 XL)
                  | [Ru sacrifice]
 14260 | IceCv    | Reached XP level 11. HP: 74/86 MP: 16/17
 14260 | IceCv    | Reached XP level 10. HP: 74/79 MP: 16/16
 14260 | IceCv    | Reached ****** piety under Ru
 14417 | IceCv    | Reached skill level 12 in Unarmed Combat
 14543 | IceCv    | Noticed a reaper
 14647 | IceCv    | Killed a reaper
 15058 | D:11     | Noticed Erica
 15077 | D:11     | Killed Erica
 15241 | D:11     | Reached skill level 13 in Unarmed Combat
 15584 | D:12     | Noticed a sun demon
 15887 | D:12     | Found a staircase to the Orcish Mines.
 16058 | D:12     | Reached skill level 14 in Unarmed Combat
 16160 | D:12     | Reached XP level 11. HP: 42/72 MP: 1/17
 16183 | D:12     | Gained mutation: You are strong-willed. (Will+) [potion of
                  | mutation]
 16988 | D:13     | Reached skill level 15 in Unarmed Combat
 17052 | D:13     | Noticed a boulder beetle
 17064 | D:13     | Killed a boulder beetle
 17628 | Lair:1   | Entered Level 1 of the Lair of Beasts
 17886 | Lair:1   | Reached skill level 16 in Unarmed Combat
 18148 | Lair:1   | Found a runed translucent door.
 18148 | Lair:1   | Found a shimmering altar of Xom.
 18148 | Lair:1   | Noticed anet's ghost (journeyman GnDe)
 19126 | Lair:2   | Noticed a five-headed hydra
 19139 | Lair:2   | Killed a five-headed hydra
 19337 | Lair:2   | Reached skill level 5 in Spellcasting
 19342 | Lair:2   | Noticed a five-headed hydra
 19387 | Lair:2   | Killed a five-headed hydra
 19443 | Lair:2   | Learned a level 5 spell: Freezing Cloud
 20500 | Lair:3   | Reached skill level 1 in Conjurations
 20553 | Lair:3   | Reached XP level 12. HP: 74/74 MP: 20/22
 20688 | Lair:3   | Reached skill level 1 in Air Magic
 21510 | Lair:4   | Found a hole to the Spider Nest.
 21711 | Lair:4   | Reached skill level 5 in Conjurations
 22080 | Lair:4   | Found a staircase to the Swamp.
 22564 | Lair:4   | Identified the +2 leather armour of the Ant {MP+9 Dex+3}
 22994 | Lair:5   | Found a staircase to the Slime Pits.
 23083 | Lair:5   | Found the +7 great mace "Undeadhunter" {disrupt, rN+}
 23092 | Lair:5   | Found a glowing silver altar of Zin.
 23171 | Lair:5   | Reached skill level 5 in Air Magic
 23798 | Lair:6   | Entered Level 6 of the Lair of Beasts
 23892 | Lair:6   | Reached XP level 13. HP: 78/78 MP: 20/23
 23970 | Lair:6   | Noticed Snorg
 23982 | Lair:6   | Killed Snorg
 24930 | Lair:6   | Got Juz Esmaf's Reference Book on the Harmful Frostbite
 25348 | Lair:6   | Found a runed translucent door.
 25447 | Lair:6   | Reached skill level 10 in Fighting
 25715 | Slime:1  | Entered Level 1 of the Pits of Slime
 25715 | Slime:1  | Noticed a quicksilver ooze
 25917 | Orc:1    | Entered Level 1 of the Orcish Mines
 26162 | Orc:2    | Entered Level 2 of the Orcish Mines
 26746 | Orc:1    | Found Hihann's Antique Weapon Emporium.
 26901 | Orc:2    | Found Kunieh's Antique Armour Emporium.
 26901 | Orc:2    | Found Hitaext's Antique Weapon Shop.
 27151 | Orc:2    | Noticed Urug
 27160 | Orc:2    | Killed Urug
 27270 | Orc:2    | Found a staircase to the Elven Halls.
 27283 | Orc:2    | Found Zilorgh's Weapon Boutique.
 27491 | Orc:2    | Reached XP level 14. HP: 100/103 MP: 16/24
 27530 | Orc:2    | Found Mitzy's Distillery.
 27530 | Orc:2    | Found Yhest's Book Emporium.
 27536 | Orc:2    | Bought a potion of resistance for 110 gold pieces
 27536 | Orc:2    | Bought a potion of magic for 88 gold pieces
 27759 | Orc:2    | Bought a book of Misfortune for 336 gold pieces
 27759 | Orc:2    | Bought Ozocubu's Autobiography for 336 gold pieces
 27759 | Orc:2    | Bought Sif Muna's Catalogue of the Glacier and
                  | Weightlessness for 672 gold pieces
 27789 | Orc:2    | Bought a pair of glowing boots for 180 gold pieces
 27791 | Orc:2    | Bought a dazzling scale mail for 216 gold pieces
 27791 | Orc:2    | Identified the +8 scale mail of Chimes {rN+ Will+ Int+4}
                  | (You bought it in a shop on level 2 of the Orcish Mines)
 28165 | D:13     | Found a runed translucent door.
 28166 | D:13     | Noticed a tengu reaver
 28166 | D:13     | Noticed a frost giant
 28166 | D:13     | Noticed a tengu reaver
 28296 | D:14     | Found Fateaw's General Store.
 28342 | D:14     | Found a flagged portal.
 28356 | Bailey   | Entered a bailey
 28748 | Bailey   | Identified the +10 hunting sling "Faod Duse" {vorpal, rF-
                  | rN+ MP+9}
 29059 | D:14     | Noticed Frances
 29077 | D:15     | Entered Level 15 of the Dungeon
 29106 | D:15     | Noticed Jorgrun
 29124 | D:15     | Killed Jorgrun
 29136 | D:15     | HP: 4/99 [deep elf pyromancer/bolt of fire (36)]
 29138 | D:15     | Reached skill level 17 in Unarmed Combat
 29143 | D:14     | Killed from afar by Frances

Illustrated notes

Levels and vault maps discovered:
D:1:      eino_arrival_cavern_d, layout_loops_corners,
          shapermc_ecumenical_altar_hornbeckon
D:2:      layout_basic, basic_altar, st_stairs_13, uniq_jessica, uniq_natasha
D:3:      layout_loops_ring, mainiacjoe_overflow_chevrons,
          corexii_item_surrounded_by_moat, chequers_serial_rivers_room_b,
          kennysheep_crisscross, uniq_pargi
D:4:      layout_loops_cross, minmay_temple_entry_water_ring,
          guppyfry_shop_venom
D:5:      layout_rooms, gammafunk_ghost_abyssal_escape,
          cheibrodos_sewer_entry_bend
D:6:      layout_gridville, trog_wizard, nicolae_shop_sticking_my_neck_out
D:7:      layout_cave_pools, gammafunk_ghost_arena
D:8:      minmay_distorted_concentric_squares, layout_loops_ring, uniq_maurice,
          uniq_joseph
D:9:      layout_loops_cross, dpeg_lair_monsters
D:10:     layout_cave_pools, solitary_fountain, grunt_decor_junction,
          uniq_sonja, uniq_erolcha
D:11:     layout_rooms, portal_ice_cave_entry_pillars_2, uniq_harold, uniq_erica
D:12:     layout_basic, orc_0_dummy
D:13:     layout_gridville, kennysheep_treasure_room
D:14:     layout_basic, lightli_vaults_fourway_checkpoint,
          lightli_bailey_entry_fortress, serial_shops, nicolae_diamond_shop,
          uniq_roxanne, uniq_agnes, uniq_frances
D:15:     grunt_enter_depths_magical_seal, layout_gridville, uniq_jorgrun,
          uniq_rupert
Temple:   mainiacjoe_temple_big_plus
Lair:1:   layout_hall_layers, ebering_ghost_xom, grunt_megastairs_2
Lair:2:   layout_loops_ring
Lair:3:   layout_gridlike, grunt_megastairs_1
Lair:4:   layout_layer_cave, palyth_hydra_swamp_entry,
          nicolae_spider_entry_non_spiders, beast_lair_carwin_5
Lair:5:   layout_roguey, nicolae_slime_entry_slimehenge, basic_altar,
          serial_bayou_shore_b, infiniplex_staircase_pool_2, grunt_megastairs_3,
          lemuel_fruit_fields
Lair:6:   hangedman_lair_tendril_chambers, layout_loops_ring, wormcave,
          uniq_snorg
Slime:1:  layout_caves
Orc:1:    layout_diamond_mine, serial_shops,
          nicolae_shop_temple_entry_statues_fountains
Orc:2:    st_orc_town, layout_caves, serial_shops,
          nicolae_shop_bloodbath_and_beyond, mines1_david, uniq_urug

Skill      XL: |  1  2  3  4  5  6  7  8  9 10 11 12 13 14 |
---------------+-------------------------------------------+-----
Unarmed Combat | 4 6 7 14 16 11 17 | 17.0
Poison Magic   | 2 |  2.0
Transmutations | 3 4 5 8 |  8.4
Dodging        | 3 6 7 8 |  8.8
Ice Magic      | 4 6 |  6.3
Fighting       | 5 12 | 12.1
Armour         | 4 |  4.7
Spellcasting   | 4 6 |  6.9
Stealth        | 3 |  3.4
Evocations     | 4 |  4.1
Conjurations   | 1 7 |  7.4
Air Magic      | 6 |  6.2

Action                   |  1- 3 |  4- 6 |  7- 9 | 10-12 | 13-15 || total
-------------------------+-------+-------+-------+-------+-------++-------
Melee: Unarmed           |    86 |   106 |   240 |   814 |   494 ||  1740
       Kick              |    14 |     7 |     2 |     4 |       ||    27
       Punch             |     1 |     2 |     2 |       |       ||     5
 Cast: Beastly Appendage |    17 |    19 |     9 |     2 |     4 ||    51
       Spider Form       |       |     9 |    23 |    31 |       ||    63
       Ice Form          |       |       |    13 |    32 |    11 ||    56
       Blade Hands       |       |       |       |    50 |    51 ||   101
       Freezing Cloud    |       |       |       |       |     7 ||     7
Invok: Sacrifice Health  |       |       |     1 |       |       ||     1
       Draw Out Power    |       |       |       |    15 |     4 ||    19
       Power Leap        |       |       |       |     1 |       ||     1
       Sacrifice a Hand  |       |       |       |     1 |       ||     1
       Sacrifice Experie |       |       |       |     1 |       ||     1
       Apocalypse        |       |       |       |     1 |     1 ||     2
 Abil: End Transformatio |       |       |     2 |     4 |    10 ||    16
Evoke: Wand              |       |     2 |     3 |     9 |     3 ||    17
       Lightning rod     |       |       |       |     6 |       ||     6
       Condenser vane    |       |       |       |     2 |     1 ||     3
  Use: Potion            |     1 |       |     6 |     5 |     5 ||    17
       Scroll            |       |       |     6 |    19 |     3 ||    28
 Stab: Sleeping          |       |       |       |     3 |     2 ||     5
       Paralysed         |       |       |       |     2 |    10 ||    12
       Invisible         |       |       |       |     2 |     1 ||     3
       Distracted        |       |       |       |     1 |     1 ||     2
       Betrayed ally     |       |       |       |       |     1 ||     1
Armor: Robe              |    10 |    14 |       |       |       ||    24
       Skin              |       |     5 |    42 |    51 |    18 ||   116
       Leather armour    |       |       |    20 |    42 |       ||    62
       Troll leather arm |       |       |       |    27 |    80 ||   107
Dodge: Dodged            |    52 |    61 |   147 |   340 |   236 ||   836

Table legend: (Time is in decaauts)
 A = Elapsed time spent in this place.
 B = Non-inter-level travel time spent in this place.
 C = Inter-level travel time spent in this place.
 D = Time resting spent in this place.
 E = Time spent auto-exploring this place.
 F = Levels seen in this place.
 G = Mean time per level.
                   A        B        C        D        E       F      G
               +--------+--------+--------+--------+--------+-----+--------+
         Total |  28832 |  27576 |   1256 |   3738 |  18489 |  28 | 1029.7 |
       Dungeon |  16559 |  15850 |    709 |   2680 |  10130 |  15 | 1103.9 |
        Temple |    435 |    409 |     26 |      0 |    401 |   1 |  435.0 |
          Lair |   8065 |   7650 |    415 |    328 |   6109 |   6 | 1344.2 |
    Slime Pits |      1 |      1 |      0 |      0 |      0 |   1 |    1.0 |
  Orcish Mines |   1850 |   1745 |    105 |     48 |   1274 |   2 |  925.0 |
         Sewer |    477 |    477 |      0 |    286 |    117 |   1 |  477.0 |
        Bailey |    526 |    526 |      0 |      0 |    354 |   1 |  526.0 |
      Ice Cave |    916 |    916 |      0 |    396 |    104 |   1 |  916.0 |
               +--------+--------+--------+--------+--------+-----+--------+

Top non-repeatable levels by time:
     D:8: 1767 daAuts
  Lair:6: 1692 daAuts
     D:2: 1681 daAuts
     D:5: 1648 daAuts
     D:4: 1524 daAuts
    D:12: 1496 daAuts
  Lair:4: 1413 daAuts
  Lair:3: 1356 daAuts
  Lair:1: 1275 daAuts
     D:7: 1228 daAuts
   Orc:2: 1222 daAuts
  Lair:2: 1221 daAuts
     D:1: 1210 daAuts
  Lair:5: 1106 daAuts
     D:3: 1077 daAuts
